 Dungeon Crawl Stone Soup version 0.17-a0-986-gf45d1aa (webtiles) character file.

2618 dirtyvader the Ducker (level 9, -1/89 HPs)
             Began as a Troll Berserker on May 11, 2015.
             Was a Priest of Trog.
             Shot with a sling bullet by Joseph (18 damage)
             ... on level 7 of the Dungeon.
             The game lasted 00:51:06 (7130 turns).

dirtyvader the Ducker (Troll Berserker)             Turns: 7130, Time: 00:51:06

Health: -1/89      AC: 10    Str: 30    XL:     9   Next: 34%
Magic:  8/8        EV: 10    Int:  3    God:    Trog [***...]
Gold:   460        SH:  9    Dex:  9    Spells: 0 memorised, 8 levels left

rFire  + . .     SeeInvis .     L - +2 flail (protect)
rCold  . . .     Clarity  .     b - +0 animal skin
rNeg   . . .     SustAb   .     l - +0 shield
rPois  .         Gourm    +     (helmet restricted)
rElec  .         Spirit   .     (no cloak)
rCorr  .         Warding  .     (gloves unavailable)
rMut   .         Rnd*Tele +     (boots unavailable)
MR     .....                    a - amulet of faith
Stlth  +.........               o - ring of protection from fire
                                E - ring of teleportation (curse)

@: not resistant to hostile enchantments, very unstealthy
A: unfitting armour, claws 3, fast metabolism 3, gourmand, regeneration 2,
shaggy fur 1, tough skin 2
a: Burn Spellbooks, Berserk, Trog's Hand, Renounce Religion, Evoke Teleportation


You were on level 7 of the Dungeon.
You worshipped Trog.
Trog was most pleased with you.
You were not hungry.

You visited 1 branch of the dungeon, and saw 7 of its levels.

You collected 460 gold pieces.

Inventory:

Hand weapons
 y - a +0 flail
 C - a +0 hunting sling
 F - a +0 dagger of electrocution
 G - a +0 short sword of speed
 L - a +2 flail of protection (weapon)
 P - a +0 flail
 Q - a +1 glaive of pain
Missiles
 B - 2 silver tomahawks
 D - 224 stones (quivered)
 H - 6 tomahawks
Armour
 b - a +0 animal skin (worn)
 l - a +0 shield (worn)
Jewellery
 a - an amulet of faith (around neck)
 f - an uncursed amulet of warding
 o - a ring of protection from fire (right claw)
 s - an uncursed amulet of rage
 E - a cursed ring of teleportation (left claw)
 I - an uncursed amulet of resist mutation {unknown}
 O - an uncursed ring of stealth
Magical devices
 i - a wand of confusion (16)
Scrolls
 d - 4 scrolls of identify
 e - 4 scrolls of remove curse
 h - a scroll of fog {unknown}
 k - a scroll of enchant weapon {unknown}
 t - 2 scrolls of teleportation {unknown}
 u - 5 scrolls of enchant armour {unknown}
 w - 2 scrolls of blinking {unknown}
 A - a scroll of noise {unknown}
 J - 3 scrolls of amnesia {unknown}
 M - a scroll of immolation {unknown}
Potions
 c - a potion of berserk rage {unknown}
 m - 3 potions of flight {unknown}
 n - 2 potions of resistance {unknown}
 p - 3 potions of agility {unknown}
 q - a potion of brilliance {unknown}
 v - a potion of haste {unknown}
 x - 3 potions of might {unknown}
 K - a potion of poison {unknown}
Comestibles
 g - a fruit
 j - 2 beef jerkies
 r - 2 meat rations
 z - 3 chunks of flesh


   Skills:
 + Level 5.9 Fighting
 + Level 6.5 Maces & Flails
 + Level 6.7 Dodging
 - Level 0.2 Stealth
 + Level 3.7 Shields


You had 8 spell levels left.
You didn't know any spells.

Dungeon Overview and Level Annotations

Branches:
Dungeon (7/15)             Temple (0/1) D:4

Altars:
Elyvilon
Gozag
Sif Muna
The Shining One

Annotations:
D:7 Joseph


Innate Abilities, Weirdness & Mutations

You are too large for most types of armour.
You have claws for hands.
Your metabolism is lightning-fast.
You like to eat raw meat.
You heal very quickly.
You are covered in fur (AC +1).
You have very tough skin (AC +2).


Message History

You see here a sling bullet.
Joseph shoots a sling bullet.
The sling bullet hits you! The sling bullet burns you.
You see here a sling bullet.
You block the giant frog zombie's attack.
Joseph shoots a sling bullet.
The sling bullet hits you! The sling bullet burns you.
You see here a sling bullet.
You thump the giant frog zombie!
The giant frog zombie hits you but does no damage.
You sock the giant frog zombie! The giant frog zombie hits you.
Joseph shoots a sling bullet.
The sling bullet hits you!
* * * LOW HITPOINT WARNING * * *
The sling bullet burns you.
* * * LOW HITPOINT WARNING * * *
The giant frog zombie hits you but does no damage.
You thump the giant frog zombie!
You destroy the giant frog zombie!
Joseph shoots a sling bullet.
The sling bullet hits you!!
You die...

#.................#####.#
#.##.##.###.####### #.#
#.##.##.###.###########.#
#(##......#.##.......##.#
#.#####.#.#.##.#####รท##.#
### #.......#.#.##.##.......#
#..
#######.....##@##.##.######.#
###.####.##.##.# ...####
#....((@.....# ###.##..
############## #.....gF
#..... #.#### #......#
####.### #. #


You could see Joseph.

Vanquished Creatures
  Duvessa (D:7)
  An orc warrior (D:6)
  A phantom (D:7)
  2 ogres (D:4)
  2 centaurs
  4 big kobolds
  Blork the orc (D:6)
  A wyvern zombie (D:7)
  7 giant frogs
  Dowan (D:7)
  A scorpion (D:4)
  A crimson imp (D:5)
  A quasit (D:6)
  2 giant frog zombies
  A jelly (D:6)
  4 hounds (D:6)
  6 orc priests
  2 worker ants
  5 orc wizards
  An iguana (D:3)
  2 worker ant zombies (D:6)
  10 adders
  A gnoll (D:3)
  A shadow imp (D:7)
  4 oozes
  An adder zombie (D:7)
  4 worms
  An adder skeleton (D:5)
  4 giant geckos
  26 orcs
  7 giant cockroaches
  11 goblins
  11 hobgoblins
  4 jackals (D:7)
  54 kobolds
  3 quokkas
  2 ball pythons
  12 bats
  A giant gecko skeleton (D:4)
  4 giant newts
  A giant spore (D:7)
  A jackal zombie (D:5)
  16 rats
226 creatures vanquished.

Vanquished Creatures (collateral kills)
  An ice beast (D:6)
  A hound skeleton (D:4)
  A giant gecko (D:6)
  A goblin (D:4)
  A kobold (D:4)
  A rat (D:6)
6 creatures vanquished.

Grand Total: 232 creatures vanquished

Notes
Turn   | Place    | Note
--------------------------------------------------------------
     0 | D:1      | dirtyvader the Troll Berserker began the quest for the Orb.
     0 | D:1      | Reached XP level 1. HP: 22/22 MP: 0/0
   150 | D:1      | Reached XP level 2. HP: 29/29 MP: 1/1
   215 | D:1      | Reached skill level 3 in Maces & Flails
   429 | D:1      | Acquired Trog's second power
   800 | D:2      | Reached XP level 3. HP: 36/36 MP: 2/2
  1713 | D:3      | Reached XP level 4. HP: 42/44 MP: 3/3
  1789 | D:3      | Reached skill level 1 in Shields
  1976 | D:3      | Noticed a giant frog
  1991 | D:3      | Killed a giant frog
  1991 | D:3      | Reached XP level 5. HP: 23/52 MP: 4/4
  2065 | D:3      | Reached skill level 4 in Dodging
  2298 | D:3      | Noticed a giant frog
  2316 | D:3      | Killed a giant frog
  2326 | D:3      | HP: 2/52 [worm (7)]
  2523 | D:3      | Reached XP level 6. HP: 61/61 MP: 5/5
  2834 | D:3      | Acquired Trog's third power
  2949 | D:3      | Noticed a big kobold
  2949 | D:3      | Noticed a big kobold
  2964 | D:3      | Killed a big kobold
  2991 | D:3      | Killed a big kobold
  3293 | D:3      | Noticed a big kobold
  3299 | D:3      | Killed a big kobold
  3299 | D:3      | Reached XP level 7. HP: 67/67 MP: 6/6
  3706 | D:3      | Found an opulent altar of Gozag.
  3706 | D:3      | Found a white marble altar of Elyvilon.
  3920 | D:4      | Reached skill level 5 in Dodging
  4144 | D:4      | Found a staircase to the Ecumenical Temple.
  4736 | D:5      | Entered Level 5 of the Dungeon
  4818 | D:5      | Reached skill level 5 in Maces & Flails
  4988 | D:5      | Reached XP level 8. HP: 72/79 MP: 7/7
  5480 | D:6      | Found a glowing golden altar of the Shining One.
  5652 | D:6      | Reached skill level 5 in Fighting
  5652 | D:6      | Reached skill level 6 in Dodging
  5864 | D:6      | Noticed Blork the orc
  5877 | D:6      | Killed Blork the orc
  6357 | D:6      | Found a deep blue altar of Sif Muna.
  6683 | D:7      | Reached XP level 9. HP: 51/88 MP: 8/8
  6914 | D:7      | Noticed Duvessa
  6916 | D:7      | Noticed Dowan
  6929 | D:7      | Killed Dowan
  6944 | D:7      | Killed Duvessa
  7125 | D:7      | Noticed Joseph
  7130 | D:7      | Shot with a sling bullet by Joseph

Vault maps used:
D:1:      minmay_arrival_glassed_features, st_stairs_1
D:3:      minmay_goblin_kobold_castle, gammafunk_temple_overflow_wave,
          wad_orctagon
D:4:      minmay_temple_entry_purple_smoke
D:5:      first_bread
D:6:      basic_altar, led_sif_pool, uniq_blork_the_orc
D:7:      uniq_joseph, uniq_menkaure, uniq_duvessa

Action                   |  1- 3 |  4- 6 |  7- 9 || total
-------------------------+-------+-------+-------++-------
Melee: Mace              |   151 |   164 |       ||   315
       Flail             |       |   134 |   370 ||   504
Invok: Berserk           |     1 |     7 |     7 ||    15
       Trog's Hand       |       |     2 |     8 ||    10
       Brothers in Arms  |       |     1 |     2 ||     3
       Burn Spellbooks   |       |       |     2 ||     2
  Use: Potion            |       |     1 |     3 ||     4
       Scroll            |       |       |     6 ||     6
  Eat: Chunk             |     5 |    15 |    21 ||    41
       Bread ration      |     2 |     1 |     5 ||     8
       Fruit             |       |     8 |       ||     8
